 Dungeon Crawl Stone Soup version 0.27-a0-1200-g94dc6ad4cf (webtiles) character file.

Game seed: 8622822144684073667

664 mandarbmax the Magician (level 7, -1/45 HPs)
             Began as a Djinni Venom Mage on May 31, 2021.
             Killed by nerve-wracking pain
             ... invoked by Menkaure
              (10 damage)
             ... on level 4 of the Dungeon.
             The game lasted 00:07:57 (4369 turns).

mandarbmax the Magician (Djinni Venom Mage)         Turns: 4369, Time: 00:07:58

Health: -1/45      AC:  7    Str:  7    XL:     7   Next: 87%
Gold:   223        EV: 12    Int: 18    God:
                   SH:  0    Dex: 20

rFire    + + .     SeeInvis .   l - +2 falchion
rCold    x . .     Faith    .   (no shield)
rNeg     . . .     Spirit   .   m - +0 leather armour
rPois    ∞         Reflect  .   (no helmet)
rElec    .         Harm     .   (no cloak)
rCorr    .         Rampage  .   (no gloves)
Will     .....                  (boots unavailable)
Stlth    ++........             (no amulet)
HPRegen  0.15/turn              b - +6 ring of dexterity
MPRegen  0.00/turn              j - +4 ring of protection

@: on berserk cooldown, flying, slowed, very slow
A: sickness immunity, fire resistance 2, cold vulnerability 1, float, innate
caster, hp casting, extra vitality 1
a: no special abilities


You were on level 4 of the Dungeon.
You visited 1 branch of the dungeon, and saw 4 of its levels.

You collected 223 gold pieces.

Inventory:

Hand Weapons
 l - a +2 falchion (weapon)
Armour
 m - a +0 leather armour (worn)
Jewellery
 b - a +6 ring of dexterity (left hand)
 j - a +4 ring of protection (right hand)
Scrolls
 c - a scroll of teleportation
 d - a scroll of noise {unknown}
 f - a scroll of acquirement {unknown}
 h - a scroll of amnesia {unknown}
Potions
 a - a potion of berserk rage
 e - a potion of lignification
 i - a potion of haste


   Skills:
 - Level 2.1 Dodging
 - Level 1.5 Stealth
 + Level 6.6 Spellcasting


You couldn't memorise any spells.
You knew the following spells:

 Your Spells              Type           Power      Damage    Failure   Level
a - Sting                 Tmut/Pois      100%       1d8       1%          1
b - Poisonous Vapours     Pois/Air       58%        N/A       1%          2
c - Mephitic Cloud        Conj/Pois/Air  29%        N/A       3%          3
d - Ignite Poison         Fire/Tmut/Pois 29%        N/A       3%          3
e - Olgreb's Toxic Radia  Pois           29%        N/A       11%         4
f - Magic Dart            Conj           100%       1d8       1%          1
g - Ensorcelled Hibernat  Hex/Ice        58%        N/A       1%          2
h - Vampiric Draining     Necr           14%        2d8       3%          3
Your spell library was empty.

Dungeon Overview and Level Annotations

Branches:
Dungeon (4/15)
 Temple: D:4-7

Altars:

Annotations:
D:4 Menkaure


Innate Abilities, Weirdness & Mutations

You are immune to sickness and miasma.
You are immune to poison.
Your flesh is very heat resistant. (rF++)
You are vulnerable to cold. (rC-)
You float through the air rather than walking.
You learn spells naturally, not from books.
Your magical power is your life essence.
You have superior vitality. (+4 HP)


Message History

Things that are here:
a +0 rapier; a +0 chain mail; the elf corpse of Duvessa
Okay, then.
Okay, then.
Okay, then.
Drop what? 12/52 slots (_ for help) (? for menu, Esc to quit)
You drop 2 potions of flight.
It was a potion of berserk rage.
A red film seems to cover your vision as you go berserk!
You feel yourself moving faster!
You feel mighty!
You start resting.
You feel a strong urge to attack something.
You start resting.
You feel your anger nearly subside.
You start resting.
You are no longer berserk.
You are exhausted.
You feel yourself slow down.
You start resting.
You hear the brisk rusting of a distant drain.
Menkaure, Prince of Dust comes into view.
Menkaure is nearby!
Menkaure shouts!
Menkaure gestures at you while chanting.
Pain shoots through your body!
* * * LOW HITPOINT WARNING * * *
Unknown command.
Casting: Ignite Poison (dangerous; 3% risk of failure)
Confirm with . or Enter, or press ? or * to list all spells.
Okay, then.
Okay, then.
Casting: Ignite Poison (dangerous; 3% risk of failure)
Confirm with . or Enter, or press ? or * to list all spells.
Aiming: Mephitic Cloud (dangerous; 3% risk of failure)
Press: ? - help, Shift-Dir - straight line The ball explodes into a vile cloud!
* * * LOW HITPOINT WARNING * * *
Menkaure casts a spell at you. Pain shoots through your body!
You die...

....## #.. ........##..
.........#..#
...........M##
..............# 8
.............○☼## ...
...............§○##..8.8
................@.......
...........)......###.##
...........!..........
..................####
.(.....>............
...†.................
.....................#
.....................#
...............##...


You could see Menkaure.

Vanquished Creatures
  Grinder (D:3)
  Eustachio (D:4)
  Duvessa (D:4)
  Dowan (D:4)
  A centaur skeleton (D:3)
  A hound (D:2)
  An orc wizard (D:3)
  4 adders
  A shadow imp (D:3)
  A worm (D:2)
  2 dart slugs
  3 orcs
  3 ball pythons
  3 bats
  5 endoplasms
  3 giant cockroaches
  5 goblins
  5 hobgoblins
  6 jackals
  3 quokkas
  A frilled lizard (D:3)
  A jackal skeleton (D:4)
  3 kobolds
  6 rats
62 creatures vanquished.

Notes
Turn   | Place    | Note
-------+----------+-------------------------------------------
     0 | D:1      | mandarbmax the Djinni Venom Mage began the quest for the
                  | Orb.
     0 | D:1      | Reached XP level 1. HP: 15/15 MP: 0/0
    50 | D:1      | Found a faded altar of an unknown god.
   218 | D:1      | Reached XP level 2. HP: 9/21 MP: 0/0
   994 | D:1      | Reached skill level 3 in Spellcasting
  1458 | D:2      | Reached XP level 3. HP: 15/25 MP: 0/0
  1458 | D:2      | Learned a level 1 spell: Magic Dart
  2262 | D:2      | Reached XP level 4. HP: 18/31 MP: 0/0
  2511 | D:2      | Reached skill level 4 in Spellcasting
  3011 | D:3      | Reached XP level 5. HP: 29/35 MP: 0/0
  3011 | D:3      | Learned a level 2 spell: Ensorcelled Hibernation
  3283 | D:3      | Noticed Grinder
  3289 | D:3      | Killed Grinder
  3290 | D:3      | Reached skill level 5 in Spellcasting
  3290 | D:3      | Reached XP level 6. HP: 26/40 MP: 0/0
  4199 | D:4      | Noticed Eustachio
  4204 | D:4      | Killed Eustachio
  4205 | D:4      | Reached skill level 6 in Spellcasting
  4205 | D:4      | Reached XP level 7. HP: 36/45 MP: 0/0
  4205 | D:4      | Learned a level 3 spell: Vampiric Draining
  4312 | D:4      | Noticed Dowan
  4315 | D:4      | Noticed Duvessa
  4325 | D:4      | Killed Duvessa
  4325 | D:4      | Killed Dowan
  4365 | D:4      | Noticed Menkaure
  4369 | D:4      | Killed from afar by Menkaure

Illustrated notes

Levels and vault maps discovered:
D:1:      shiori_arrival_oz, layout_basic,
          hellmonk_ecumenical_altar_heavens_door
D:2:      layout_rooms, minmay_strange_pillars, minmay_small_reverse_x
D:3:      layout_basic, uniq_grinder
D:4:      layout_cave_pods, portal_sewer_entry_a, serial_column_ruins,
          column_ruins_hut, column_ruins_hut, column_ruins_open_large,
          column_ruins_grid_2, column_ruins_open_small,
          column_ruins_corridor_straight, column_ruins_open_tiny,
          minmay_misc_feat_square, kennysheep_generic_room_6, uniq_eustachio,
          uniq_duvessa, uniq_menkaure

Skill      XL: |  1  2  3  4  5  6 |
---------------+-------------------+-----
Spellcasting   | 3 4 5 6 |  6.6
Dodging        | |  2.1
Stealth        | |  1.5

Action                   |  1- 3 |  4- 6 |  7- 9 || total
-------------------------+-------+-------+-------++-------
Melee: Unarmed           |       |     4 |       ||     4
       Falchion          |       |       |     3 ||     3
 Cast: Sting             |    45 |     9 |     4 ||    58
       Poisonous Vapours |    20 |    36 |     4 ||    60
       Mephitic Cloud    |       |     5 |     2 ||     7
       Ignite Poison     |       |     4 |     2 ||     6
       Olgreb's Toxic Ra |       |       |     1 ||     1
  Use: Scroll            |       |     4 |     3 ||     7
       Potion            |       |     1 |     1 ||     2
Armor: Robe              |     4 |     5 |       ||     9
       Leather armour    |       |       |     3 ||     3
Dodge: Dodged            |     7 |    14 |     2 ||    23
       Rpst.: Falchion   |       |       |     1 ||     1

Table legend: (Time is in decaauts)
 A = Elapsed time spent in this place.
 B = Non-inter-level travel time spent in this place.
 C = Inter-level travel time spent in this place.
 D = Time resting spent in this place.
 E = Time spent auto-exploring this place.
 F = Levels seen in this place.
 G = Mean time per level.
                   A        B        C        D        E       F      G
               +--------+--------+--------+--------+--------+-----+--------+
         Total |   4384 |   4277 |    107 |   1239 |   2537 |   4 | 1096.0 |
       Dungeon |   4384 |   4277 |    107 |   1239 |   2537 |   4 | 1096.0 |
               +--------+--------+--------+--------+--------+-----+--------+

Top non-repeatable levels by time:
     D:2: 1517 daAuts
     D:1: 1443 daAuts
     D:3: 1131 daAuts
     D:4: 292 daAuts
